TOP OF THE 1ST |
Everett AquaSox batting - Pitching for Tri-City ValleyCats : RHP Mike Wirick
|
Pitching: RHP Mike Wirick
|
|
Batting: RHB Tomokazu Sugimoto
|
0-0: Ball 1-0: Called Strike 1-1: Ball 2-1: Called Strike 2-2: Strikes out looking
|
Batting: LHB Addisu Nyamekye
|
0-0: Ball 1-0: Called Strike 1-1: Ball 2-1: Called Strike 2-2: Ball 3-2: SINGLE (Groundball, 4M, EV 108.1 MPH) (infield hit)
|
Batting: RHB Chris Skaff
|
0-0: Ball 1-0: Fly out, F6 (Line Drive, 6, EV 66.9 MPH)
|
Batting: LHB Chris Jackson
|
0-0: Ball Addisu Nyamekye steals 2nd, throwing error, E2 Addisu Nyamekye to third 1-0: Foul Ball, location: 2F 1-1: Foul Ball, location: 2F 1-2: SINGLE (Groundball, 34D, EV 98.1 MPH) Addisu Nyamekye scores
|
Batting: RHB Kinzo Yokoyama
|
0-0: Ball Passed Ball! Chris Jackson to second 1-0: Ball 2-0: Ball 3-0: Base on Balls
|
Batting: RHB Robby Adair
|
0-0: Ball 1-0: Fly out, F3 (Popup, 3SF, EV 81.9 MPH)
|
Top of the 1st over - 1 run, 2 hits, 1 error, 2 left on base; Everett 1 - Tri-City 0 |
BOTTOM OF THE 1ST |
Tri-City ValleyCats batting - Pitching for Everett AquaSox : RHP Jose Albarran
|
Pitching: RHP Jose Albarran
|
|
Batting: RHB Xavier Castaneda
|
0-0: Swinging Strike 0-1: Ball 1-1: Foul Ball, location: 2F 1-2: Strikes out swinging
|
Batting: LHB Omar Marquez
|
0-0: Called Strike 0-1: Swinging Strike 0-2: Foul Ball, location: 2F 0-2: Foul Ball, location: 2F 0-2: Strikes out swinging
|
Batting: LHB Bruce Arvizu
|
0-0: Ball 1-0: Foul Ball, location: 2F 1-1: Swinging Strike 1-2: Ball 2-2: Strikes out swinging
|
Bottom of the 1st over - 0 runs, 0 hits, 0 errors, 0 left on base; Everett 1 - Tri-City 0 |
TOP OF THE 2ND |
Everett AquaSox batting - Pitching for Tri-City ValleyCats : RHP Mike Wirick
|
Pitching: RHP Mario del Rio
|
|
Batting: SHB Tony Morales
|
0-0: Fly out, F7 (Flyball, 7, EV 96.2 MPH)
|
Batting: RHB Richie Schraven
|
0-0: Ball 1-0: Ball 2-0: Swinging Strike 2-1: Foul Ball, location: 2F 2-2: Ball 3-2: Strikes out swinging
|
Batting: RHB Josh Carpenter
|
0-0: Called Strike 0-1: Ground out 6-3 (Groundball, 6, EV 80.6 MPH)
|
Top of the 2nd over - 0 runs, 0 hits, 0 errors, 0 left on base; Everett 1 - Tri-City 0 |
BOTTOM OF THE 2ND |
Tri-City ValleyCats batting - Pitching for Everett AquaSox : RHP Jose Albarran
|
Batting: SHB Tanner Bernstein
|
0-0: Called Strike 0-1: Ball 1-1: Called Strike 1-2: Ball 2-2: Ball 3-2: Strikes out swinging
|
Batting: RHB Steve Moore
|
0-0: Ground out 5-3 (Groundball, 5, EV 90.0 MPH)
|
Batting: LHB Mark Dearth
|
0-0: Ball 1-0: Ground out 5-3 (Groundball, 5S, EV 90.0 MPH)
|
Bottom of the 2nd over - 0 runs, 0 hits, 0 errors, 0 left on base; Everett 1 - Tri-City 0 |
TOP OF THE 3RD |
Everett AquaSox batting - Pitching for Tri-City ValleyCats : RHP Mario del Rio
|
Batting: RHB Tomokazu Sugimoto
|
0-0: Ball 1-0: Ball 2-0: Swinging Strike 2-1: Swinging Strike 2-2: Ball 3-2: Base on Balls
|
Batting: LHB Addisu Nyamekye
|
0-0: Ball 1-0: Called Strike 1-1: Ball Tomokazu Sugimoto steals 2nd base 2-1: SINGLE (Flyball, 78S, EV 95.6 MPH) Tomokazu Sugimoto to third
|
Pitching: RHP Michiyo Takayama
|
|
Batting: RHB Chris Skaff
|
0-0: SINGLE (Groundball, 6MD, EV 103.8 MPH) Tomokazu Sugimoto scores Addisu Nyamekye to second
|
Batting: LHB Chris Jackson
|
0-0: Ball Wild Pitch! Addisu Nyamekye to third Chris Skaff to second 1-0: Swinging Strike 1-1: Ball 2-1: Foul Ball, location: 2F 2-2: Foul Ball, location: 2F 2-2: Foul Ball, location: 2F 2-2: Foul Ball, location: 2F 2-2: Ball 3-2: Foul Ball, location: 2F 3-2: Foul Ball, location: 2F 3-2: Base on Balls
|
Batting: RHB Kinzo Yokoyama
|
0-0: Ball 1-0: Called Strike 1-1: Ball 2-1: SINGLE (Line Drive, 4D, EV 100.0 MPH) Addisu Nyamekye scores Chris Skaff to third Chris Jackson to second
|
Batting: RHB Robby Adair
|
0-0: Ball 1-0: Ball 2-0: Ball 3-0: Base on Balls Chris Skaff scores Chris Jackson to third Kinzo Yokoyama to second
|
Batting: SHB Tony Morales
|
0-0: Called Strike 0-1: Foul Ball, location: 2F 0-2: Ball 1-2: Foul Ball, location: 2F 1-2: Foul Ball, location: 2F 1-2: Strikes out swinging
|
Batting: RHB Richie Schraven
|
0-0: Ball 1-0: Ball 2-0: Foul Ball, location: 2F 2-1: Ball 3-1: GRAND SLAM HOME RUN (Flyball, 7D, EV 97.5 MPH), Distance : 353 ft
|
Batting: RHB Josh Carpenter
|
0-0: Ball 1-0: SINGLE (Flyball, 9LS, EV 93.8 MPH)
|
Batting: RHB Tomokazu Sugimoto
|
0-0: Called Strike 0-1: Ball 1-1: Called Strike 1-2: DOUBLE (Groundball, 5L, EV 98.1 MPH) Josh Carpenter to third
|
Batting: LHB Addisu Nyamekye
|
0-0: Called Strike 0-1: Ball 1-1: Called Strike 1-2: Foul Ball, location: 2F 1-2: Ball 2-2: Fly out, F8 (Flyball, 8RS, EV 71.2 MPH)
|
Batting: RHB Chris Skaff
|
0-0: Ball 1-0: Called Strike 1-1: Ball 2-1: Foul Ball, location: 2F 2-2: Ball 3-2: Base on Balls
|
Batting: LHB Chris Jackson
|
0-0: Called Strike 0-1: Ball 1-1: Ball 2-1: Fielders Choice at 2nd, U6 (Groundball, 6M, EV 100.0 MPH)
|
Top of the 3rd over - 7 runs, 6 hits, 0 errors, 3 left on base; Everett 8 - Tri-City 0 |
BOTTOM OF THE 3RD |
Tri-City ValleyCats batting - Pitching for Everett AquaSox : RHP Jose Albarran
|
Batting: RHB Tristan Lewis
|
0-0: Ball 1-0: Ball 2-0: Ball 3-0: Called Strike 3-1: Foul Ball, location: 2F 3-2: Foul Ball, location: 2F 3-2: Strikes out swinging
|
Batting: RHB J.R. Roberts
|
0-0: Called Strike 0-1: Ball 1-1: Ball 2-1: Foul Ball, location: 2F 2-2: Foul Ball, location: 2F 2-2: Foul Ball, location: 2F 2-2: Ball 3-2: Foul Ball, location: 2F 3-2: Foul Ball, location: 2F 3-2: Strikes out swinging
|
Batting: RHB To-wai Chen
|
0-0: Called Strike 0-1: Foul Ball, location: 2F 0-2: Ball 1-2: Strikes out looking
|
Bottom of the 3rd over - 0 runs, 0 hits, 0 errors, 0 left on base; Everett 8 - Tri-City 0 |
TOP OF THE 4TH |
Everett AquaSox batting - Pitching for Tri-City ValleyCats : RHP Michiyo Takayama
|
Batting: RHB Kinzo Yokoyama
|
0-0: Ball 1-0: SINGLE (Line Drive, 9S, EV 98.1 MPH)
|
Batting: RHB Robby Adair
|
0-0: Ball 1-0: 2-RUN HOME RUN (Flyball, 7D, EV 95.6 MPH), Distance : 375 ft
|
Pitching: RHP Nate Britton
|
|
Batting: SHB Tony Morales
|
0-0: Foul Ball, location: 2F 0-1: Ground out 6-3 (Groundball, 6M, EV 102.5 MPH)
|
Batting: RHB Richie Schraven
|
0-0: Foul Ball, location: 2F 0-1: Ground out 5-3 (Groundball, 56, EV 87.5 MPH)
|
Batting: RHB Josh Carpenter
|
0-0: Ball 1-0: DOUBLE (Line Drive, 89D, EV 112.5 MPH)
|
Batting: RHB Tomokazu Sugimoto
|
0-0: Called Strike 0-1: Ball 1-1: Ground out 5-3 (Groundball, 56, EV 102.5 MPH)
|
Top of the 4th over - 2 runs, 3 hits, 0 errors, 1 left on base; Everett 10 - Tri-City 0 |
BOTTOM OF THE 4TH |
Tri-City ValleyCats batting - Pitching for Everett AquaSox : RHP Jose Albarran
|
Batting: RHB Xavier Castaneda
|
0-0: Called Strike 0-1: Ball 1-1: Ball 2-1: Swinging Strike 2-2: Strikes out swinging
|
Batting: LHB Omar Marquez
|
0-0: Ball 1-0: Foul Ball, location: 2F 1-1: Ball 2-1: Swinging Strike 2-2: Ball 3-2: Foul Ball, location: 2F 3-2: Base on Balls
|
Batting: LHB Bruce Arvizu
|
0-0: Called Strike Omar Marquez steals 2nd base 0-1: Foul Ball, location: 2F 0-2: Strikes out swinging
|
Batting: SHB Tanner Bernstein
|
0-0: Ball Passed Ball! Omar Marquez to third 1-0: Called Strike 1-1: Swinging Strike 1-2: Strikes out swinging
|
Bottom of the 4th over - 0 runs, 0 hits, 0 errors, 1 left on base; Everett 10 - Tri-City 0 |
TOP OF THE 5TH |
Everett AquaSox batting - Pitching for Tri-City ValleyCats : RHP Nate Britton
|
Batting: LHB Addisu Nyamekye
|
0-0: Ground out 3-1 (Groundball, 34D, EV 101.9 MPH)
|
Batting: RHB Chris Skaff
|
0-0: Called Strike 0-1: Ball 1-1: Ball 2-1: Ground out 6-3 (Groundball, 56, EV 108.1 MPH)
|
Batting: LHB Chris Jackson
|
0-0: Ball 1-0: Called Strike 1-1: SINGLE (Groundball, 56S, EV 74.4 MPH) (infield hit)
|
Batting: RHB Kinzo Yokoyama
|
0-0: Ball 1-0: Swinging Strike 1-1: Called Strike 1-2: Hit by Pitch Chris Jackson to second
|
Batting: RHB Robby Adair
|
0-0: Swinging Strike 0-1: Called Strike Balk! Chris Jackson to third Kinzo Yokoyama to second 0-2: Foul Ball, location: 2F 0-2: Ball 1-2: Foul Ball, location: 2F 1-2: Strikes out looking
|
Top of the 5th over - 0 runs, 1 hit, 0 errors, 2 left on base; Everett 10 - Tri-City 0 |
BOTTOM OF THE 5TH |
Tri-City ValleyCats batting - Pitching for Everett AquaSox : RHP Jose Albarran
|
Batting: RHB Steve Moore
|
0-0: Ball 1-0: Swinging Strike 1-1: Ground out 6-3 (Groundball, 6, EV 106.2 MPH)
|
Batting: LHB Mark Dearth
|
0-0: SINGLE (Groundball, 4MD, EV 109.4 MPH)
|
Batting: RHB Tristan Lewis
|
0-0: Ball 1-0: Ball 2-0: Hit by Pitch Mark Dearth to second
|
Batting: RHB J.R. Roberts
|
0-0: Fielders Choice at 2nd, 1-6 (Groundball, 34S, EV 62.5 MPH) Mark Dearth to third
|
Batting: RHB To-wai Chen
|
0-0: Called Strike 0-1: Foul Ball, location: 2F 0-2: Ball 1-2: Ball 2-2: Ball 3-2: DOUBLE (Line Drive, 3D, EV 98.1 MPH) Mark Dearth scores J.R. Roberts to third J.R. Roberts scores
|
Batting: RHB Xavier Castaneda
|
0-0: Swinging Strike 0-1: Foul Ball, location: 2F 0-2: Strikes out swinging
|
Bottom of the 5th over - 2 runs, 2 hits, 0 errors, 1 left on base; Everett 10 - Tri-City 2 |
TOP OF THE 6TH |
Everett AquaSox batting - Pitching for Tri-City ValleyCats : RHP Nate Britton
|
Batting: SHB Tony Morales
|
0-0: Ball 1-0: Called Strike 1-1: Ball 2-1: Ground out 4-3 (Groundball, 4, EV 88.1 MPH)
|
Batting: RHB Richie Schraven
|
0-0: Ball 1-0: Foul Ball, location: 2F 1-1: Ball 2-1: Ground out 4-3 (Groundball, 4M, EV 86.2 MPH)
|
Batting: RHB Josh Carpenter
|
0-0: Ball 1-0: SINGLE (Line Drive, 9S, EV 103.8 MPH)
|
Batting: RHB Tomokazu Sugimoto
|
0-0: Ball 1-0: Ball 2-0: Called Strike 2-1: Called Strike 2-2: Ground out 5-3 (Groundball, 5S, EV 63.1 MPH)
|
Top of the 6th over - 0 runs, 1 hit, 0 errors, 1 left on base; Everett 10 - Tri-City 2 |
BOTTOM OF THE 6TH |
Tri-City ValleyCats batting - Pitching for Everett AquaSox : RHP Jose Albarran
|
Batting: LHB Omar Marquez
|
0-0: Called Strike 0-1: Ball 1-1: Ball 2-1: Ball 3-1: Base on Balls
|
Batting: LHB Bruce Arvizu
|
0-0: Foul Ball, location: 2F 0-1: Called Strike Omar Marquez steals 2nd base 0-2: 2-RUN HOME RUN (Flyball, 9LD, EV 92.5 MPH), Distance : 348 ft
|
Batting: SHB Tanner Bernstein
|
0-0: Foul Ball, location: 2F 0-1: Foul Ball, location: 2F 0-2: Foul Ball, location: 2F 0-2: Strikes out swinging
|
Batting: RHB Steve Moore
|
0-0: Ball 1-0: Called Strike 1-1: Ground out 6-3 (Groundball, 56, EV 105.0 MPH)
|
Batting: LHB Mark Dearth
|
0-0: Foul Ball, location: 2F 0-1: Swinging Strike 0-2: Ball 1-2: Ground out 2-3 (Groundball, 13S, EV 73.8 MPH)
|
Bottom of the 6th over - 2 runs, 1 hit, 0 errors, 0 left on base; Everett 10 - Tri-City 4 |
TOP OF THE 7TH |
Everett AquaSox batting - Pitching for Tri-City ValleyCats : RHP Nate Britton
|
Batting: LHB Addisu Nyamekye
|
0-0: Ball 1-0: DOUBLE (Flyball, 8LXD, EV 95.0 MPH)
|
Batting: RHB Chris Skaff
|
0-0: Foul Ball, location: 2F 0-1: Foul Ball, location: 2F 0-2: Ball 1-2: SINGLE (Groundball, 3D, EV 101.9 MPH) Addisu Nyamekye to third
|
Batting: LHB Chris Jackson
|
0-0: Called Strike 0-1: Foul Ball, location: 2F 0-2: Ball Chris Skaff steals 2nd base 1-2: Ball 2-2: Foul Ball, location: 2F 2-2: Strikes out swinging
|
Batting: RHB Kinzo Yokoyama
|
0-0: Ball Balk! Addisu Nyamekye scores Chris Skaff to third 1-0: Ball 2-0: Called Strike 2-1: Ball 3-1: Base on Balls
|
Batting: RHB Robby Adair
|
0-0: Fielders Choice at 2nd, 6-4 (Groundball, 6, EV 87.5 MPH) Chris Skaff scores
|
Batting: SHB Tony Morales
|
0-0: Ball 1-0: DOUBLE (Line Drive, 7LS, EV 112.5 MPH) Robby Adair to third Runner from 3rd tries for Home, SAFE, no throw by LF
|
Pitching: RHP Kenny Gerrity
|
|
Batting: RHB Richie Schraven
|
0-0: Fly out, F7 (Flyball, 7, EV 82.5 MPH)
|
Top of the 7th over - 3 runs, 3 hits, 0 errors, 1 left on base; Everett 13 - Tri-City 4 |
BOTTOM OF THE 7TH |
Tri-City ValleyCats batting - Pitching for Everett AquaSox : RHP Jose Albarran
|
Batting: RHB Tristan Lewis
|
0-0: Called Strike 0-1: Ball 1-1: Foul Ball, location: 2F 1-2: Ball 2-2: Hit by Pitch
|
Pinch Hitting: RHB Keith Goodwin
|
0-0: Called Strike 0-1: Ball 1-1: DOUBLE (Line Drive, 9LS, EV 115.0 MPH) Tristan Lewis to third
|
Pitching: LHP Chris Wheeler
|
|
Batting: RHB To-wai Chen
|
0-0: Ball 1-0: Ball 2-0: Foul Ball, location: 2F 2-1: Ball 3-1: Called Strike 3-2: Strikes out swinging
|
Batting: RHB Xavier Castaneda
|
0-0: Ball 1-0: Called Strike 1-1: Swinging Strike 1-2: Fly out, F7 (Flyball, 7, EV 88.8 MPH) Runner from 3rd tags up, SCORES, throw by LF
|
Pinch Hitting: SHB Sean Hill
|
0-0: Called Strike 0-1: Swinging Strike 0-2: Strikes out swinging
|
Bottom of the 7th over - 1 run, 1 hit, 0 errors, 1 left on base; Everett 13 - Tri-City 5 |
TOP OF THE 8TH |
Everett AquaSox batting - Pitching for Tri-City ValleyCats : RHP Kenny Gerrity
|
Now at 1B: Keith Goodwin
|
|
Now in RF: Sean Hill
|
|
Batting: RHB Josh Carpenter
|
0-0: Hit by Pitch
|
Batting: RHB Tomokazu Sugimoto
|
0-0: Swinging Strike 0-1: Ball 1-1: Ball 2-1: Foul Ball, location: 2F 2-2: Fly out, F7 (Flyball, 7, EV 88.1 MPH)
|
Batting: LHB Addisu Nyamekye
|
0-0: Called Strike 0-1: Ball 1-1: Ball 2-1: Ball 3-1: Base on Balls Josh Carpenter to second
|
Batting: RHB Chris Skaff
|
0-0: Ball 1-0: Called Strike 1-1: Called Strike 1-2: Ball 2-2: Foul Ball, location: 2F 2-2: Ball Passed Ball! Josh Carpenter to third Addisu Nyamekye to second 3-2: Foul Ball, location: 2F 3-2: Base on Balls
|
Pinch Hitting: LHB Ryan Daniels
|
0-0: Ball 1-0: Foul Ball, location: 2F 1-1: Fly out, F7 (Flyball, 78M, EV 90.6 MPH)
|
Batting: RHB Kinzo Yokoyama
|
0-0: Ball 1-0: Ball 2-0: Fielders Choice at 2nd, 5-4 (Groundball, 5, EV 83.1 MPH)
|
Top of the 8th over - 0 runs, 0 hits, 0 errors, 3 left on base; Everett 13 - Tri-City 5 |
BOTTOM OF THE 8TH |
Tri-City ValleyCats batting - Pitching for Everett AquaSox : LHP Chris Wheeler
|
Now in RF: Ryan Daniels
|
|
Batting: LHB Bruce Arvizu
|
0-0: Ball 1-0: Called Strike 1-1: TRIPLE (Groundball, 3L, EV 110.6 MPH)
|
Batting: SHB Tanner Bernstein
|
0-0: Ball 1-0: Ball 2-0: Ball 3-0: Swinging Strike 3-1: Swinging Strike 3-2: Strikes out swinging
|
Pitching: RHP Aaron Black
|
|
Pinch Hitting: SHB Winikeneke Keikemamake
|
0-0: Foul Ball, location: 2F 0-1: Called Strike 0-2: Ball 1-2: Ball 2-2: DOUBLE (Line Drive, 89D, EV 103.1 MPH) Bruce Arvizu scores
|
Batting: LHB Mark Dearth
|
0-0: Ball 1-0: SINGLE (Groundball, 34S, EV 79.4 MPH) (infield hit) Winikeneke Keikemamake to third
|
Batting: RHB Tristan Lewis
|
0-0: Ball 1-0: Ball 2-0: Foul Ball, location: 2F 2-1: Swinging Strike 2-2: Strikes out looking
|
Pinch Hitting: LHB Nick Isaac
|
0-0: Swinging Strike 0-1: Called Strike 0-2: Strikes out swinging
|
Bottom of the 8th over - 1 run, 3 hits, 0 errors, 2 left on base; Everett 13 - Tri-City 6 |
TOP OF THE 9TH |
Everett AquaSox batting - Pitching for Tri-City ValleyCats : RHP Kenny Gerrity
|
Now at 1B: Nick Isaac
|
|
Now at SS: Winikeneke Keikemamake
|
|
Batting: RHB Robby Adair
|
0-0: Foul Ball, location: 2F 0-1: Ground out 5-3 (Groundball, 56S, EV 87.5 MPH)
|
Batting: SHB Tony Morales
|
0-0: Called Strike 0-1: Ground out 4-3 (Groundball, 4, EV 86.2 MPH)
|
Batting: RHB Richie Schraven
|
0-0: Called Strike 0-1: Ball 1-1: Ground out 5-3 (Groundball, 56S, EV 65.6 MPH)
|
Top of the 9th over - 0 runs, 0 hits, 0 errors, 0 left on base; Everett 13 - Tri-City 6 |
BOTTOM OF THE 9TH |
Tri-City ValleyCats batting - Pitching for Everett AquaSox : RHP Aaron Black
|
Batting: RHB To-wai Chen
|
0-0: Foul Ball, location: 2F 0-1: Ball 1-1: Ball 2-1: Ground out 4-3 (Groundball, 4, EV 88.1 MPH)
|
Batting: RHB Xavier Castaneda
|
0-0: Swinging Strike 0-1: Ball 1-1: SINGLE (Line Drive, 6D, EV 98.1 MPH)
|
Batting: SHB Sean Hill
|
0-0: Foul Ball, location: 2F 0-1: Ball 1-1: Ball 2-1: Ball 3-1: Foul Ball, location: 2F 3-2: SINGLE (Groundball, 6D, EV 94.4 MPH) Xavier Castaneda to second
|
Batting: LHB Bruce Arvizu
|
0-0: Foul Ball, location: 2F 0-1: Foul Ball, location: 2F 0-2: Foul Ball, location: 2F 0-2: Ball 1-2: Ball 2-2: Ball 3-2: Strikes out swinging
|
Pitching: RHP Matt Lane
|
|
Batting: SHB Tanner Bernstein
|
0-0: Called Strike 0-1: Swinging Strike 0-2: Ball 1-2: Strikes out swinging
|
Bottom of the 9th over - 0 runs, 2 hits, 0 errors, 2 left on base; Everett 13 - Tri-City 6 |
|